 Dungeon Crawl Stone Soup version 0.31-a0-986-g5e6e4ef867 (webtiles) character file.

Game seed: 1578779378004201073

3128 croobank the Covert (level 9, -4/63 HPs)
             Began as an Octopode Delver on Nov 15, 2023.
             Was a Follower of Ashenzari.
             Slain by an orc warrior
             ... wielding a +0 spear
              (6 damage)
             ... in a bailey on Nov 16, 2023.
             The game lasted 00:33:48 (6928 turns).

croobank the Covert (Octopode Delver)               Turns: 6928, Time: 00:33:48

Health: -4/63      AC:  1    Str: 12    XL:     9   Next: 92%
Magic:  14/14      EV: 20    Int: 16    God:    Ashenzari [*.....]
Gold:   281        SH:  0    Dex: 13    Spells: 8/15 levels left

rFire   . . .        a - +4 dagger (venom)
rCold   . . .        i - orb {light}
rNeg    . . .        (helmet restricted)
rPois   .            (no amulet)
rElec   .            h - ring "I Knew You'd Do That" {rCorr, Elem, Range} (curse)
rCorr   +            q - ring "Yoke of Ashenzari" {EV+5, Bglg, Alch} (curse)
SInv    .            (no ring)
Will    .....        (no ring)
Stlth   ++           (no ring)
HPRegen 0.30/turn    (no ring)
MPRegen 0.14/turn    (no ring)
                     (no ring)

%: no passive effects
@: glowing
A: almost no armour, amphibious, 8 rings, camouflage 1, gelatinous body 1,
(nimble swimmer 1), tentacles
a: Renounce Religion, Shatter the Chains


You were in a bailey.
You worshipped Ashenzari.
Ashenzari was aware of your devotion.
You visited 1 branch of the dungeon, and saw 8 of its levels.
You also visited: Bailey.

You collected 359 gold pieces.
You spent 78 gold pieces at shops.

Inventory:

Hand Weapons
 a - a +4 dagger of venom (weapon)
 B - a +0 dagger of protection
 D - a +0 war axe
 L - the +2 spear of Eternal Harmony {drain, Will+}
   (You found it on level 7 of the Dungeon)

   Will+:     It increases your willpower.
Missiles
 c - 11 boomerangs
 d - 6 curare-tipped darts
 s - 8 poisoned darts
 C - 4 atropa-tipped darts (quivered)
Armour
 i - an orb of light (worn)
Magical Staves
 E - a staff of conjuration
Jewellery
 h - the cursed ring "I Knew You'd Do That" (left tentacle) {rCorr, Elem, Range}
   (You found it on level 5 of the Dungeon)

   [ring of resist corrosion]

   rCorr:     It protects you from acid and corrosion.
   It has a curse which improves the following skills: Elements: Fire Magic, Ice
   Magic, Air Magic and Earth Magic.
   Ranged Combat: Ranged Weapons and Throwing.
 q - the cursed ring "Yoke of Ashenzari" (right tentacle) {EV+5, Bglg, Alch}
   (You found it on level 1 of the Dungeon)

   [ring of evasion]

   EV+5:      It affects your evasion (+5).
   It has a curse which improves the following skills: Beguiling: Conjurations,
   Hexes and Translocations.
   Alchemy:   Poison Magic and Transmutations.
Talismans
 y - a maw talisman
 A - a serpent talisman
Wands
 f - a wand of digging (2)
 w - a wand of mindburst (15)
Scrolls
 b - 2 scrolls of fog
 e - 4 scrolls of teleportation
 l - a scroll of revelation
 n - 2 scrolls of amnesia
 o - a scroll of brand weapon
 r - a scroll of silence
 t - a scroll of immolation
 v - a scroll of noise
 J - 2 scrolls of vulnerability
 K - a scroll of enchant armour
Potions
 g - 2 potions of mutation
 j - a potion of ambrosia
 k - a potion of invisibility
 m - a potion of curing
 p - a potion of haste
 x - a potion of resistance
 z - a potion of attraction
 H - a potion of berserk rage
 I - a potion of cancellation


   Skills:
 + Level 6.3 Fighting
 + Level 5.8 Short Blades
 + Level 5.7 Dodging
 + Level 10.3 Stealth
 + Level 3.8 Spellcasting
 + Level 2.2(2.9) Conjurations
 + Level 4.1(4.9) Hexes
 + Level 2.3(3.0) Translocations
 + Level 2.2(2.9) Transmutations


You had 8 spell levels left.
You knew the following spells:

 Your Spells              Type           Power      Damage    Failure   Level
a - Confusing Touch       Hex            18%        N/A       7%          3
b - Blink                 Tloc           24%        N/A       8%          2
c - Poisonous Vapours     Pois/Air       6%         N/A       26%         2

Your spell library contained the following spells:

 Spells                   Type           Power      Damage    Failure   Level
 Slow                     Hex            72%        N/A       2%          1
 Sigil of Binding         Hex            18%        N/A       7%          3
 Shock                    Conj/Air       28%        1d4       10%         1
 Volatile Blastmotes      Fire/Tloc      16%        2d11      26%         3
 Mephitic Cloud           Conj/Pois/Air  6%         N/A       34%         3
 Fulminant Prism          Conj/Hex       7%         3d6       34%         4
 Manifold Assault         Tloc           12%        N/A       43%         4
 Swiftness                Air            3%         N/A       45%         3
 Vampiric Draining        Necr           3%         2d6       45%         3
 Iskenderun's Mystic Bla  Conj/Tloc      12%        2d5       45%         4
 Airstrike                Air            1%         2d(1-17)  86%         4
 Freezing Cloud           Conj/Ice/Air   3%         6-21      97%         5


Dungeon Overview and Level Annotations

Branches:
Dungeon (8/15)             Temple (0/1) D:6            Lair (0/5) D:8
 Bailey (1/1)

Altars:
Ashenzari
Dithmenos
Kikubaaqudgha
Makhleb
Nemelex Xobeh
Qazlal
Uskayaw
Vehumet

Shops:
D:7 *:

Annotations:
D:7 2 runed translucent doors, olddryhag's ghost, novice HOWn Bailey 2 runed translucent doors


Innate Abilities, Weirdness & Mutations

You cannot wear most types of armour.
You are amphibious.
You can wear up to eight rings at the same time.
Your skin changes colour to match your surroundings (Stealth+).
Your rubbery body absorbs attacks. (AC +1, EV +1)
((You are camouflaged when in or above water. (Stealth+)))
You have tentacles for arms and can constrict up to eight enemies at once.


Message History

The orc closely misses you.
You hear a shout!
You hit the orc.
You kill the orc!
No target in view!
An orc warrior comes into view. It is wielding a +0 spear.
Throw: 6 darts (atropa)
Press: ? - help, Q - select action, (/) - cycle Shift-Dir - straight line, f - orc warrior
Aim: an orc warrior, wielding a +0 spear and wearing a +0 chain mail (53% to hit, chance to blind on hit: 80%)
You throw an atropa-tipped dart.
The atropa-tipped dart barely misses the orc warrior.
An orc comes into view. It is wielding a +0 spear.
The orc warrior hits you from afar with a +0 spear!
Throw: 5 darts (atropa)
Press: ? - help, Q - select action, (/) - cycle Shift-Dir - straight line, f/p - orc warrior
Aim: an orc warrior, wielding a +0 spear and wearing a +0 chain mail (haloed, 73% to hit, chance to blind on hit: 82%)
You throw an atropa-tipped dart.
The atropa-tipped dart barely misses the orc warrior.
The orc warrior shouts!
The orc warrior hits you from afar with a +0 spear!
The orc warrior hits you with a +0 spear!
You hit the orc warrior.
The orc warrior is poisoned.
You grab the orc warrior.
You squeeze the orc warrior, but do no damage.
The orc warrior is lightly wounded.
You constrict the orc warrior, but do no damage.
The orc warrior hits you with a +0 spear!
* * * LOW HITPOINT WARNING * * *
As you read the scroll of fog, it dissolves into smoke.
You constrict the orc warrior, but do no damage.
The orc warrior closely misses you. The orc warrior completely misses you.
The orc hits you from afar with a +0 spear.
* * * LOW HITPOINT WARNING * * *
You release your grip on the orc warrior.
The orc warrior hits you from afar with a +0 spear!
* * * LOW HITPOINT WARNING * * *
The orc warrior attacks as it pursues you!
The orc warrior closely misses you.
The orc warrior attacks as it pursues you!
The orc warrior hits you from afar with a +0 spear.
You die...

####..♣≈≈≈≈≈...#
####.$#..♣≈≈≈≈..♣.##
.....#...≈≈≈≈.....###
...##.♣.≈≈≈≈..♣....♣♣♣
#..#....≈≈≈≈.........♣♣
#8.#...######.........♣
#..#...).§§§§......∩..♣
#..)..)..§§o§§§.......♣
#.)).((...§§o§@§......♣
#.o#.....§§o§§§§...∩..♣
#8(#...######§§§......♣
###..#....≈≈≈≈..♣......♣♣
.....##...≈≈≈≈..♣♣...♣♣♣
..)...#...≈≈≈≈.....###
####..#..≈≈≈≈≈..####
####..≈≈≈≈...#
♣..≈≈≈≈≈..♣#


You could see an orc warrior.

Vanquished Creatures
  Prince Ribbit (D:6)
  4 yaks
  3 water moccasins
  3 sky beasts
  A black bear (D:4)
  An ice beast (D:7)
  An orc warrior (Bailey)
  2 ogres
  A phantom (D:5)
  A bullfrog (D:7)
  4 scorpions
  2 electric eels (D:7)
  4 orc priests
  A hound (D:4)
  3 jellies
  A gnoll bouda (D:4)
  Ijyb (D:5)
  4 iguanas
  2 sleepcaps
  4 orc wizards
  6 gnolls
  11 adders
  A shadow imp (D:7)
  2 ufetubi (D:4)
  3 worms
  3 dart slugs
  27 orcs
  9 bats
  13 endoplasms
  3 giant cockroaches
  7 hobgoblins
  2 quokkas
  12 ball pythons
  3 frilled lizards
  12 goblins
  8 kobolds
  4 rats
170 creatures vanquished.

Notes
Turn   | Place    | Note
-------+----------+-------------------------------------------
     0 | D:5      | croobank the Octopode Delver began the quest for the Orb.
     0 | D:5      | Reached XP level 1. HP: 16/16 MP: 1/1
     1 | D:5      | Found a stormy altar of Qazlal.
    45 | D:6      | Noticed an iguana
    52 | D:6      | Killed an iguana
    53 | D:6      | Reached XP level 2. HP: 21/21 MP: 2/2
    53 | D:6      | Reached XP level 3. HP: 26/26 MP: 3/3
    95 | D:5      | Reached skill level 7 in Stealth
   144 | D:3      | Found a burning altar of Makhleb.
   146 | D:3      | Found a faded altar of an unknown god.
   187 | D:4      | Reached XP level 4. HP: 10/31 MP: 4/4
   316 | D:4      | Noticed a black bear
   352 | D:5      | Noticed a scorpion
   403 | D:4      | Found a hide-covered altar of Uskayaw.
   428 | D:4      | Killed a black bear
   429 | D:4      | Reached XP level 5. HP: 26/37 MP: 5/5
  1104 | D:1      | Reached XP level 6. HP: 37/43 MP: 6/6
  2088 | D:3      | Found a faded altar of an unknown god.
  2206 | D:3      | Reached skill level 8 in Stealth
  2712 | D:4      | Reached skill level 1 in Hexes
  2712 | D:4      | Reached XP level 7. HP: 49/49 MP: 8/8
  2722 | D:4      | Reached skill level 1 in Spellcasting
  3750 | D:5      | Found a broken altar of Ashenzari.
  3762 | D:5      | Noticed Ijyb
  3770 | D:5      | Killed Ijyb
  3913 | D:5      | Reached XP level 8. HP: 40/54 MP: 9/11
  3989 | D:5      | Reached skill level 5 in Fighting
  4197 | D:5      | Learned a level 3 spell: Confusing Touch
  4203 | D:5      | Became a worshipper of Ashenzari the Shackled
  4218 | D:5      | Reached skill level 9 in Stealth
  4574 | D:6      | Found a staircase to the Ecumenical Temple.
  4632 | D:6      | Reached skill level 5 in Short Blades
  4733 | D:6      | Found an ancient bone altar of Kikubaaqudgha.
  4742 | D:6      | Noticed Prince Ribbit
  4747 | D:6      | Killed Prince Ribbit
  4748 | D:6      | Reached skill level 5 in Dodging
  4802 | D:6      | Reached XP level 9. HP: 62/62 MP: 13/13
  5403 | D:7      | Found Oliacof's Assorted Antiques.
  5405 | D:7      | Found Uzioxo's Armour Emporium.
  5412 | D:7      | Found Ewalud's Book Shoppe.
  5419 | D:7      | Reached skill level 1 in Translocations
  5488 | D:7      | Bought a bubbling grey potion for 25 gold pieces
  5488 | D:7      | Bought a metallic blue potion for 25 gold pieces
  5488 | D:7      | Bought a scroll labelled PEODWIZXON for 28 gold pieces
  5572 | D:6      | Reached skill level 1 in Conjurations
  5572 | D:6      | Reached skill level 1 in Transmutations
  5732 | D:7      | Reached * piety under Ashenzari
  5808 | D:7      | Reached skill level 10 in Stealth
  5812 | D:7      | HP: 3/62 [yak (11)]
  6042 | D:7      | Identified the +2 spear of Eternal Harmony {drain, Will+}
  6305 | D:7      | Found a large runed translucent door.
  6306 | D:7      | Found a large runed translucent door.
  6308 | D:7      | Noticed olddryhag's ghost (novice HOWn)
  6463 | D:7      | Found a sparkling altar of Nemelex Xobeh.
  6464 | D:7      | Found a radiant altar of Vehumet.
  6622 | D:8      | Found a flagged portal.
  6784 | D:8      | Learned a level 2 spell: Blink
  6787 | D:8      | Learned a level 2 spell: Poisonous Vapours
  6788 | Bailey   | Entered a bailey
  6873 | Bailey   | Found a large runed translucent door.
  6873 | Bailey   | Found a large runed translucent door.
  6874 | Bailey   | Noticed a deep elf zephyrmancer
  6876 | Bailey   | Noticed an orc knight
  6926 | Bailey   | HP: 2/63 [orc warrior/+0 spear (7)]
  6928 | Bailey   | Slain by an orc warrior

Illustrated notes

Levels and vault maps discovered:
D:1:      nicolae_arrival_memento_mori, layout_basic
D:2:      layout_loops_ring, chequers_serial_rivers_micro_c
D:3:      layout_loops_ring, nicolae_overflow_ecumenical_swirl,
          shapermc_ecumenical_altar_gd, cheibrodos_sewer_entry_bend
D:4:      layout_loops_corners, nicolae_uskayaw_dance_hall, nicolae_half_adder
D:5:      layout_cave_pools, lemuel_crystal_altar,
          chequers_temple_overflow_statue_of_worship, uniq_duvessa, uniq_ijyb
D:6:      layout_basic, kennysheep_little_box, minmay_temple_entry_mist,
          serial_curves, eino_curves_01, eino_curves_04, minmay_misc_feat_x,
          uniq_prince_ribbit1
D:7:      layout_cave_pools, gammafunk_temple_overflow_statue,
          ebering_ghost_disaster_area, nicolae_wooded_promenade
D:8:      layout_basic, nicolae_tso_carved_into_rock, minmay_lair_entry_grove,
          enter_bailey_3
Bailey:   bailey_polearm_elven_captive_hellmonk, bailey

Skill      XL: |  1  2  3  4  5  6  7  8  9 |
---------------+----------------------------+-----
Stealth        | 7 8 9 10 | 10.3
Short Blades   | 3 4 5 |  5.8
Dodging        | 3 4 5 |  5.7
Fighting       | 4 5 6 |  6.3
Hexes          | 1 2 3 4 |  4.1
Spellcasting   | 2 3 |  3.8
Translocations | 2 |  2.3
Conjurations   | 2 |  2.2
Transmutations | 2 |  2.2

Action                     |  1- 3 |  4- 6 |  7- 9 || total
---------------------------+-------+-------+-------++-------
  Melee: Short sword       |    19 |       |       ||    19
         Tentacles         |     7 |    43 |    73 ||   123
         Constrict         |     5 |    37 |    43 ||    85
         Dagger            |       |   184 |   266 ||   450
         Punch             |       |     3 |     3 ||     6
  Throw: Dart              |       |       |     6 ||     6
 Invoke: Curse Item        |       |       |     2 ||     2
  Evoke: Wand              |       |     1 |     3 ||     4
    Use: Scroll            |     2 |     3 |    11 ||    16
         Potion            |       |     1 |     3 ||     4
   Stab: Sleeping          |     2 |    32 |    10 ||    44
         Distracted        |       |     1 |     2 ||     3
         Invisible         |       |       |     1 ||     1
 Armour: Skin              |     8 |    50 |   101 ||   159
  Dodge: Dodged            |     6 |    98 |   230 ||   334

Table legend: (Time is in decaauts)
 A = Elapsed time spent in this place.
 B = Non-inter-level travel time spent in this place.
 C = Inter-level travel time spent in this place.
 D = Time resting spent in this place.
 E = Time spent auto-exploring this place.
 F = Levels seen in this place.
 G = Mean time per level.
                   A        B        C        D        E       F      G
               +--------+--------+--------+--------+--------+-----+--------+
         Total |   6823 |   6490 |    333 |   1484 |   3148 |   9 |  758.1 |
       Dungeon |   6690 |   6357 |    333 |   1478 |   3132 |   8 |  836.2 |
        Bailey |    133 |    133 |      0 |      6 |     16 |   1 |  133.0 |
               +--------+--------+--------+--------+--------+-----+--------+

Top non-repeatable levels by time:
     D:4: 1716 daAuts
     D:7: 1068 daAuts
     D:6: 1044 daAuts
     D:3: 820 daAuts
     D:5: 646 daAuts
     D:2: 611 daAuts
     D:1: 533 daAuts
     D:8: 249 daAuts
  Bailey: 133 daAuts
